 Dungeon Crawl Stone Soup version 0.20-a0-1017-gc3250ce (webtiles) character file.

231012 Monsterracer the Slayer (level 18, -16/187 HPs)
             Began as a Minotaur Berserker on Apr 16, 2017.
             Was the Champion of Trog.
             Killed by divine providence
             ... invoked by a sphinx
              (18 damage)
             ... on level 3 of the Vaults on Apr 17, 2017.
             The game lasted 02:01:25 (35452 turns).

Monsterracer the Slayer (Minotaur Berserker)       Turns: 35452, Time: 02:01:26

Health: -16/187    AC: 34    Str: 28    XL:     18   Next: 78%
Magic:  20/20      EV: 18    Int:  2    God:    Trog [******]
Gold:   1654       SH:  0    Dex: 14    Spells: 17/17 levels left

rFire    + + +     SeeInvis +   z - +13 battleaxe of Nofub {elec, MR- Str+3 Int+2}
rCold    + + .     Gourm    .   (shield currently unavailable)
rNeg     . . .     Faith    .   s - +3 chain mail of Toc Jain {rC++ Int-4}
rPois    +         Spirit   .   (helmet unavailable)
rElec    +         Reflect  .   x - +1 cloak {rPois}
rCorr    .         Harm     +   Y - +2 pair of gloves
MR       .....     Rnd*Rage +   F - +1 pair of boots
Stlth    ..........             M - amulet of Fixation {Harm *Drain rElec rF+ Dex+4 Stlth-}
Regen    0.5/turn               X - ring of Robustness {AC+8}
MPRegen  0.2/turn               l - ring of Faomneh {*Contam rF+++ Str-5 SInv Stlth+}

@: exhausted, marked, flayed, slowed, very slow
A: retaliatory headbutt, hooves 1, horns 3, berserk 1, blink
}: 1/15 runes: gossamer
a: Blink, Berserk, Trog's Hand, Brothers in Arms, Burn Spellbooks, Renounce
Religion


You were on level 3 of the Vaults.
You worshipped Trog.
Trog was exalted by your worship.
You were hungry.

You visited 6 branches of the dungeon, and saw 32 of its levels.
You also visited: Labyrinth.

You collected 2765 gold pieces.
You spent 1111 gold pieces at shops.

Inventory:

Hand Weapons
 d - the +7 battleaxe of Circular Logic {freeze, rPois rF- Str+4}
   (You acquired it on level 5 of the Dungeon)

   It has been specially enchanted to freeze those struck by it, causing extra
   injury to most foes and up to half again as much damage against particularly
   susceptible opponents.
   It can also slow down cold-blooded creatures.
   It affects your strength (+4).
   It makes you vulnerable to fire.
   It protects you from poison.
 r - a +2 antimagic executioner's axe
 z - the +13 battleaxe of Nofub (weapon) {elec, MR- Str+3 Int+2}
   (Trog gifted it to you on level 13 of the Dungeon)

   Occasionally, upon striking a foe, it will discharge some electrical energy
   and cause terrible harm.
   It affects your strength (+3).
   It affects your intelligence (+2).
   It affects your resistance to hostile enchantments.
Armour
 o - the +8 scale mail "Toshraat" {Int+3}
   (You found it in a labyrinth)

   It affects your intelligence (+3).
 s - the +3 chain mail of Toc Jain (worn) {rC++ Int-4}
   (You bought it in a shop on level 2 of the Orcish Mines)

   It affects your intelligence (-4).
   It greatly protects you from cold.
 x - a +1 cloak of poison resistance (worn)
 A - a +0 plate armour of magic resistance
 F - a +1 pair of boots (worn)
 Y - a +2 pair of gloves (worn)
Jewellery
 l - the ring of Faomneh (right hand) {*Contam rF+++ Str-5 SInv Stlth+}
   (You bought it in a shop on level 2 of the Orcish Mines)

   [ring of see invisible]

   It affects your strength (-5).
   It renders you almost immune to fire.
   It lets you see invisible.
   It causes magical contamination when unequipped.
   It makes you more stealthy.
 M - the amulet of Fixation (around neck) {Harm *Drain rElec rF+ Dex+4 Stlth-}
   (You acquired it on level 1 of the Lair of Beasts)

   [amulet of harm]

   It increases damage dealt and taken.
   It affects your dexterity (+4).
   It protects you from fire.
   It insulates you from electricity.
   It causes draining when unequipped.
   It makes you less stealthy.
 O - the ring of Qazlal's Reproof {rC+ Str+2 Dex+3}
   (You found it in a labyrinth)

   [ring of strength]

   It affects your strength (+2).
   It affects your dexterity (+3).
   It protects you from cold.
 X - the ring of Robustness (left hand) {AC+8}
   (You found it on level 3 of the Lair of Beasts)

   [ring of protection]

   It affects your AC (+8).
Wands
 a - a wand of digging (16/24)
 p - a wand of scattershot (9/9)
 y - a wand of digging (14/24)
 S - a wand of clouds (5/9)
Scrolls
 e - 6 scrolls of recharging
 g - 12 scrolls of identify
 h - 12 scrolls of teleportation
 j - 5 scrolls of enchant weapon
 m - 2 scrolls of fog
 D - 8 scrolls of remove curse
 P - 4 scrolls of fear
 T - 2 scrolls of magic mapping
Potions
 f - a potion of invisibility
 i - 12 potions of curing
 k - 4 potions of might
 n - 3 potions of heal wounds
 q - 4 potions of flight
 v - 9 potions of ambrosia
 w - a potion of agility
 B - a potion of mutation
 H - 6 potions of haste
 I - 2 potions of cancellation
Comestibles
 b - 4 fruits
 c - 17 bread rations
 u - 20 royal jellies
 C - 10 meat rations


   Skills:
 * Level 22.6 Fighting
 - Level 20.0 Axes
 + Level 17.9 Armour
 + Level 15.1 Dodging
 - Level 5.0 Evocations


You had 17 spell levels left.
You didn't know any spells.

Dungeon Overview and Level Annotations

Branches:
Dungeon (15/15)            Temple (0/1) D:7            Lair (6/6) D:11
 Shoals (2/4) Lair:4       Spider (4/4) Lair:4        Slime (0/5) Lair:5
    Orc (2/2) D:11            Elf (0/3) Orc:2        Vaults (3/5) D:13
 Depths (0/5) D:15
  Crypt: Vaults:2-3

Altars:
Ashenzari
Dithmenos
Elyvilon
Makhleb
Nemelex Xobeh
Okawaru
Ru
Trog
Xom
Yredelemnul
Zin
Beogh

Shops:
D:10 %   Orc:1 [   Orc:2 ([=%

Annotations:
D:8 exclusion: oklob sapling


Innate Abilities, Weirdness & Mutations

You reflexively headbutt those who attack you in melee.
You have a pair of large horns on your head.
You have large cloven feet.
You tend to lose your temper in combat.
You can translocate small distances at will.


Message History

The yaktaur captain shoots a bolt.
The bolt hits you.
* * * LOW HITPOINT WARNING * * *
You hit the vault guard but do no damage.
You headbutt the vault guard!!
The vault guard is heavily wounded.
The vault sentinel blows a loud note on a signal horn!
The vault guard barely misses you.
You hear a shout!
Unknown command.
The wind drake begins deflecting missiles!
You see here a bolt.
You feel a strong urge to attack something.
You are no longer berserk.
You are exhausted.
You feel as though you will be slow longer.
The yaktaur captain shoots a bolt.
The bolt hits you!!
* * * LOW HITPOINT WARNING * * *
The sphinx casts a spell.
Something smites you!
You die...

#...# #. #.kp#
#. #...# #.
######...# ...
#. ......+Hc.#
.... #.
......#.pc# ....
##
......'pW)#..>..
......#.()#.....
.....
#.@.+...... ....
#...#...... ####
#...#......
#.(.# .....
#.(.# .....
#...# #### #...#
+...# .'...#


You could see a sphinx, 2 yaktaur captains, a vault guard, a flayed ghost, a
wind drake, a vault sentinel and an ironbrand convoker.

Vanquished Creatures
  Nikola (Spider:2)
  A lich (Vaults:3)
  A sphinx (Vaults:3)
  6 ghost moths
  4 vault wardens
  5 emperor scorpions
  6 ironheart preservers
  An orc warlord (Orc:2)
  2 stone giants
  An entropy weaver (Spider:1)
  A deep elf demonologist (Vaults:1)
  2 spark wasps (Spider:4)
  4 dire elephants (Lair:6)
  An ettin (D:15)
  6 ogre magi
  A minotaur (Lab)
  A fire dragon (Vaults:3)
  A great orb of eyes (Vaults:1)
  3 hydras
  4 yaktaur captains
  2 rakshasas
  A vault guard (Vaults:3)
  A catoblepas (D:13)
  An anaconda (Lair:6)
  2 merfolk avatars (Shoals:1)
  A merfolk aquamancer (Shoals:1)
  8 centaur warriors
  20 two-headed ogres
  A deep troll shaman (Vaults:2)
  2 tengu warriors (D:15)
  A death yak (Lair:4)
  4 orc high priests (Orc:2)
  Urug (D:11)
  3 deep elf knights
  Nergalle (D:10)
  A shadow wraith (Vaults:3)
  3 deep trolls
  A sea snake (Shoals:1)
  11 harpies
  3 wizards
  4 deep elf archers
  7 ironbrand convokers
  6 orc knights
  27 orb spiders
  8 deep elf magi
  2 necromancers
  44 wolf spiders
  16 ugly things
  2 fauns (Shoals:1)
  8 orc sorcerers
  2 moths of wrath (Spider:4)
  6 cyclopes
  17 elephants
  A merfolk siren (Shoals:1)
  5 black mambas
  Maurice (D:9)
  4 molten gargoyles (D:12)
  A water nymph (Shoals:1)
  Psyche (D:11)
  4 torpor snails
  7 vault sentinels
  A centaur zombie (D:15)
  2 gargoyles
  17 spiny frogs
  2 efreet (D:14)
  13 demonic crawlers
  A freezing wraith (Vaults:2)
  4 kobold demonologists
  2 rime drakes (Lair:3)
  16 yaktaurs
  3 komodo dragons
  9 trolls
  3 meliai (D:15)
  38 jumping spiders
  5 merfolk (Shoals:1)
  8 hornets
  3 wind drakes (Shoals:1)
  6 blink frogs
  12 slime creatures
  9 dream sheep
  A snapping turtle (Shoals:1)
  10 hippogriffs
  Grinder (D:3)
  A shadow (D:11)
  43 tarantellas
  86 redbacks
  2 wyverns
  3 hungry ghosts
  3 wraiths
  42 yaks
  5 water elementals (Shoals:1)
  10 basilisks
  4 vampire mosquitoes (D:13)
  6 wargs (Orc:2)
  Edmund (D:4)
  An acid dragon (D:13)
  A soldier ant (shapeshifter) (Vaults:1)
  14 water moccasins
  11 porcupines
  A hornet zombie (D:11)
  2 sky beasts
  39 orc warriors
  2 black bears
  9 ice beasts
  2 elephant zombies (Lair:4)
  3 phantoms
  An eye of draining (D:13)
  6 boggarts
  24 ogres
  23 centaurs
  15 crocodiles
  11 wolves
  8 big kobolds
  20 bullfrogs
  A gnoll sergeant (Orc:2)
  A wyvern zombie (D:9)
  A water moccasin skeleton (D:4)
  7 scorpions
  17 killer bees
  5 electric eels
  5 wights (D:8)
  4 howler monkeys
  5 crimson imps
  3 hounds
  A lava snake (D:12)
  A basilisk zombie (Lair:4)
  5 jellies
  Crazy Yiuf (D:7)
  A gnoll shaman (D:4)
  23 orc wizards
  2 centaur skeletons
  30 orc priests
  3 bullfrog skeletons
  Natasha (thrice) (D:4)
  7 iguanas
  13 worker ants
  A crocodile zombie (Lair:4)
  A howler monkey skeleton (D:4)
  2 worker ant zombies
  6 gnolls
  16 adders
  A river rat (D:14)
  6 shadow imps
  9 oozes
  An adder zombie (D:5)
  2 adder skeletons
  3 worms
  2 dart slugs (D:2)
  7 leopard geckos
  126 orcs
  3 giant cockroaches
  5 goblins
  8 hobgoblins
  16 jackals
  4 quokkas
  6 ball pythons
  8 bats
  5 frilled lizards
  36 kobolds
  2 quokka zombies
  6 rats
  6 fungi
  5 plants
  A withered plant (D:13)
1291 creatures vanquished.

Vanquished Creatures (collateral kills)
  An ettin (Orc:2)
  Josephine (Lair:6)
  4 orb spiders (Spider:1)
  A rime drake (Lair:6)
  A dream sheep (Lair:6)
  A redback (Spider:1)
  A wraith (Lair:6)
  An orc warrior (Orc:2)
11 creatures vanquished.

Vanquished Creatures (others)
  2 orb spiders
  3 jumping spiders
  A tarantella (Spider:1)
  A redback (Spider:1)
  A boggart (Vaults:3)
  An orc (Orc:2)
  2 fungi (Lair:6)
  2 plants
13 creatures vanquished.

Grand Total: 1315 creatures vanquished

Notes
Turn   | Place    | Note
-------+----------+-------------------------------------------
     0 | D:1      | Monsterracer the Minotaur Berserker began the quest for the Orb.
     0 | D:1      | Reached XP level 1. HP: 19/19 MP: 0/0
   272 | D:1      | Reached XP level 2. HP: 26/26 MP: 1/1
   925 | D:2      | Reached skill level 5 in Axes
   958 | D:2      | Reached XP level 3. HP: 28/31 MP: 2/2
   963 | D:2      | Found a glowing silver altar of Zin.
  1072 | D:2      | Reached XP level 4. HP: 36/39 MP: 3/3
  1223 | D:2      | Reached ** piety under Trog
  1865 | D:3      | Reached XP level 5. HP: 45/45 MP: 4/4
  2067 | D:3      | Found a white marble altar of Elyvilon.
  2151 | D:3      | Noticed Grinder
  2162 | D:3      | Killed Grinder
  2162 | D:3      | Reached XP level 6. HP: 12/51 MP: 5/5
  2693 | D:4      | Noticed Natasha
  2702 | D:4      | Killed Natasha
  2702 | D:4      | Reached *** piety under Trog
  2709 | D:4      | Noticed Edmund
  2725 | D:4      | Killed Edmund
  2725 | D:4      | Reached XP level 7. HP: 58/58 MP: 6/6
  2772 | D:4      | Reached skill level 4 in Fighting
  2907 | D:4      | Found a burning altar of Makhleb.
  2918 | D:4      | Found a shattered altar of Ashenzari.
  2968 | D:4      | Reached skill level 10 in Axes
  2997 | D:4      | Noticed Natasha
  3006 | D:4      | Killed Natasha
  3369 | D:4      | Reached XP level 8. HP: 63/67 MP: 7/7
  3442 | D:4      | Found a bloodstained altar of Trog.
  3483 | D:4      | Noticed Natasha
  3489 | D:4      | Killed Natasha
  3726 | D:5      | Entered Level 5 of the Dungeon
  4093 | D:5      | Identified a scroll of acquirement
  4099 | D:5      | Got a fine battleaxe
  4105 | D:5      | Identified the +7 battleaxe of Circular Logic {freeze, rPois rF- Str+4} (You acquired it on level 5 of the Dungeon)
  4167 | D:5      | Reached **** piety under Trog
  4257 | D:5      | Reached skill level 5 in Fighting
  4842 | D:6      | Reached XP level 9. HP: 68/74 MP: 8/8
  5049 | D:6      | Reached skill level 5 in Armour
  5671 | D:7      | Gained mutation: You can translocate small distances at will. [potion of mutation]
  5671 | D:7      | Gained mutation: You have a pair of large horns on your head. [potion of mutation]
  5671 | D:7      | Gained mutation: You have large cloven feet. [potion of mutation]
  5882 | D:7      | Found a staircase to the Ecumenical Temple.
  6110 | D:7      | Found an iron altar of Okawaru.
  6171 | D:7      | Found a runed door.
  6175 | D:7      | Noticed Crazy Yiuf
  6178 | D:7      | Killed Crazy Yiuf
  6494 | D:8      | Reached skill level 6 in Fighting
  6496 | D:8      | Found a shadowy altar of Dithmenos.
  6500 | D:8      | Noticed a troll
  6504 | D:8      | Killed a troll
  6561 | D:8      | Noticed a two-headed ogre
  6565 | D:8      | Killed a two-headed ogre
  6565 | D:8      | Reached skill level 15 in Axes
  6565 | D:8      | Reached XP level 10. HP: 65/84 MP: 9/9
  6568 | D:8      | Reached ***** piety under Trog
  7144 | D:8      | Received a gift from Trog
  7313 | D:8      | Noticed a two-headed ogre
  7318 | D:8      | Killed a two-headed ogre
  7487 | D:8      | Reached skill level 7 in Fighting
  7828 | D:9      | Found a sacrificial altar of Ru.
  7830 | D:9      | Found a sparkling altar of Nemelex Xobeh.
  7830 | D:9      | Found a basalt altar of Yredelemnul.
  7851 | D:9      | Noticed Maurice
  7866 | D:9      | Killed Maurice
  8086 | D:9      | Found a shimmering altar of Xom.
  8467 | D:10     | Entered Level 10 of the Dungeon
  8589 | D:10     | Noticed Nergalle
  8595 | D:10     | Killed Nergalle
  8595 | D:10     | Reached XP level 11. HP: 94/94 MP: 10/10
  8955 | D:10     | Found Hishyara's Food Emporium.
  9162 | D:11     | Noticed a two-headed ogre
  9165 | D:11     | Killed a two-headed ogre
  9187 | D:11     | Reached skill level 8 in Fighting
  9251 | D:11     | Noticed Psyche
  9256 | D:11     | Killed Psyche
  9278 | D:11     | Found a staircase to the Orcish Mines.
  9561 | D:11     | Received a gift from Trog
  9601 | D:11     | Found a staircase to the Lair.
  9645 | D:11     | Noticed Urug
  9652 | D:11     | Killed Urug
  9800 | D:11     | Noticed a two-headed ogre
  9805 | D:11     | Killed a two-headed ogre
  9925 | D:10     | Found a basalt altar of Yredelemnul.
 10031 | D:11     | Noticed a cyan ugly thing
 10036 | D:11     | Killed a cyan ugly thing
 10218 | Lair:1   | Entered Level 1 of the Lair of Beasts
 10454 | Lair:1   | Reached skill level 9 in Fighting
 10618 | Lair:1   | Found a labyrinth entrance.
 10623 | Lab      | Entered a labyrinth
 10655 | Lab      | Reached XP level 12. HP: 95/104 MP: 11/11
 10872 | Lab      | Noticed a minotaur
 10875 | Lab      | Killed a minotaur
 10927 | Lab      | Got a twitching marble ring
 10929 | Lab      | Identified the ring of Qazlal's Reproof {rC+ Str+2 Dex+3} (You found it in a labyrinth)
 10933 | Lab      | Got a heavily runed scale mail
 10946 | Lair:1   | Identified the +8 scale mail "Toshraat" {Int+3} (You found it in a labyrinth)
 10975 | Lair:1   | Got a brightly glowing iron amulet
 10976 | Lair:1   | Identified the amulet of Fixation {Harm *Drain rElec rF+ Dex+4 Stlth-} (You acquired it on level 1 of the Lair of Beasts)
 12119 | Lair:3   | Noticed an eight-headed hydra
 12149 | Lair:3   | Killed a ten-headed hydra
 12417 | Lair:3   | Reached skill level 10 in Fighting
 12467 | Lair:3   | Received a gift from Trog
 12810 | Lair:4   | Reached skill level 10 in Armour
 12850 | Lair:4   | Noticed a death yak
 12853 | Lair:4   | Killed a death yak
 12853 | Lair:4   | Reached skill level 11 in Fighting
 12871 | Lair:4   | Reached XP level 13. HP: 111/116 MP: 12/12
 13339 | Lair:4   | Found a hole to the Spider Nest.
 13347 | Lair:4   | Reached skill level 5 in Dodging
 13470 | Lair:4   | Got a pair of ichor-stained boots
 13481 | Lair:4   | Identified the +0 pair of boots "Xyj Yhih" {rF+ Str+3 Dex-4} (You acquired it on level 4 of the Lair of Beasts)
 13507 | Lair:4   | Found a staircase to the Shoals.
 13562 | Lair:4   | Reached skill level 12 in Fighting
 14041 | Lair:5   | Found a staircase to the Slime Pits.
 14815 | Lair:6   | Entered Level 6 of the Lair of Beasts
 14957 | Lair:6   | Reached skill level 13 in Fighting
 15114 | Lair:6   | Received a gift from Trog
 15149 | Lair:6   | Noticed Josephine
 15165 | Lair:6   | Killed Josephine
 15936 | Lair:6   | Reached XP level 14. HP: 126/130 MP: 13/13
 15951 | Lair:6   | Reached skill level 14 in Fighting
 16469 | Orc:1    | Entered Level 1 of the Orcish Mines
 16632 | Orc:1    | Found Ipsuammi's Armour Shoppe.
 16639 | Orc:1    | Bought a +2 pair of gloves for 214 gold pieces
 16639 | Orc:1    | Bought a +0 pair of gloves for 58 gold pieces
 16923 | Orc:2    | Entered Level 2 of the Orcish Mines
 17206 | Orc:2    | Received a gift from Trog
 17440 | Orc:2    | Found a roughly hewn altar of Beogh.
 17485 | Orc:2    | Reached skill level 15 in Fighting
 17511 | Orc:2    | Found Onuuloil's Food Boutique.
 17523 | Orc:2    | Found Joempael's Jewellery Shop.
 17754 | Orc:2    | Noticed an orc warlord
 17774 | Orc:2    | Killed an orc warlord
 18126 | Orc:2    | Found a roughly hewn altar of Beogh.
 18174 | Orc:2    | Found Muxibys's Antique Armour Shoppe.
 18203 | Orc:2    | Bought a jewelled chain mail for 228 gold pieces
 18213 | Orc:2    | Identified the +3 chain mail of Toc Jain {rC++ Int-4} (You bought it in a shop on level 2 of the Orcish Mines)
 18213 | Orc:2    | Lost intelligence.
 18262 | Orc:2    | Found Ceomyvisch's Weapon Emporium.
 18483 | Orc:2    | Bought the ring of Faomneh {*Contam rF+++ Str-5 SInv Stlth+} for 611 gold pieces
 18601 | Orc:2    | Found a staircase to the Elven Halls.
 18655 | Orc:2    | Paralysed by an orc sorcerer for 3 turns
 19119 | D:12     | Received a gift from Trog
 19410 | D:12     | Reached skill level 16 in Fighting
 20099 | D:13     | Reached XP level 15. HP: 51/144 MP: 14/14
 20680 | D:13     | Found a gate to the Vaults.
 20752 | D:13     | Reached ****** piety under Trog
 20755 | D:13     | Received a gift from Trog
 20758 | D:13     | Got a bone battleaxe {god gift}
 20759 | D:13     | Identified the +13 battleaxe of Nofub {elec, MR- Str+3 Int+2} (Trog gifted it to you on level 13 of the Dungeon)
 20844 | D:13     | Reached skill level 10 in Dodging
 22571 | D:15     | Entered Level 15 of the Dungeon
 22574 | D:15     | Reached skill level 17 in Fighting
 22614 | D:15     | Received a gift from Trog
 23185 | D:15     | Found a staircase to the Depths.
 23793 | Spider:1 | Entered Level 1 of the Spider Nest
 24035 | Spider:1 | Noticed a ghost moth
 24044 | Spider:1 | Killed a ghost moth
 24192 | Spider:1 | Reached skill level 18 in Fighting
 24255 | Spider:1 | Received a gift from Trog
 24474 | Spider:1 | Reached XP level 16. HP: 92/157 MP: 15/15
 24511 | Spider:1 | Reached skill level 15 in Armour
 25493 | Spider:1 | Received a gift from Trog
 25867 | Spider:2 | Reached skill level 19 in Fighting
 26435 | Spider:2 | Noticed Nikola
 26452 | Spider:2 | Killed Nikola
 28819 | Spider:4 | Entered Level 4 of the Spider Nest
 29105 | Spider:4 | Received a gift from Trog
 29122 | Spider:4 | Reached skill level 1 in Evocations
 29147 | Spider:4 | Reached skill level 20 in Fighting
 29152 | Spider:4 | Reached XP level 17. HP: 100/170 MP: 17/17
 30012 | Spider:4 | Received a gift from Trog
 30529 | Spider:4 | Got a gossamer rune of Zot
 30971 | Shoals:1 | Entered Level 1 of the Shoals
 31063 | Shoals:1 | Gained mutation: You tend to lose your temper in combat. [mutagenic glow]
 31370 | Shoals:1 | Received a gift from Trog
 32012 | Vaults:1 | Entered Level 1 of the Vaults
 32040 | Vaults:1 | Reached skill level 21 in Fighting
 32364 | Vaults:1 | Reached skill level 5 in Evocations
 32365 | Vaults:1 | Received a gift from Trog
 32760 | Vaults:1 | Reached XP level 18. HP: 182/182 MP: 20/20
 33876 | Vaults:2 | Received a gift from Trog
 34307 | Vaults:2 | Reached skill level 22 in Fighting
 34951 | Vaults:3 | Noticed a lich
 34957 | Vaults:3 | Killed a lich
 35213 | Vaults:3 | Received a gift from Trog
 35427 | Vaults:3 | Reached skill level 15 in Dodging
 35433 | Vaults:3 | Paralysed by a sphinx for 5 turns
 35452 | Vaults:3 | HP: 2/187 [yaktaur captain/bolt (21)]
 35452 | Vaults:3 | Killed from afar by a sphinx

Vault maps used:
D:1:      minmay_arrival_nine_rooms, due_unseen_surprise
D:2:      old_standard_altar
D:3:      serial_glass, glass_columns_c, glass_columns_c, glass_columns_b,
          glass_columns_a, first_bread, hangedman_decor_points,
          elyvilon_altar_5, uniq_grinder
D:4:      minitemple, trog_book, uniq_edmund, uniq_natasha
D:6:      black_bear_nest_1, minmay_bent
D:7:      kennysheep_mini_moat, minmay_temple_entry_grid,
          uniq_crazy_yiuf_cottage
D:8:      basic_altar, introduction_to_nature_2
D:9:      grunt_temple_overflow_open, basic_altar, uniq_maurice
D:10:     lemuel_upstairs_altar, serial_shops, nicolae_shop_stone, uniq_nergalle
D:11:     grunt_lair_entry_orc_guard_hut, david_orc_2,
          hangedman_little_slice_of_home, uniq_urug, uniq_psyche
D:12:     grunt_ministairs_15, minivault_8
D:13:     david_vaults_1, argonaut_gorgonesque
D:14:     minmay_crystal_water, serial_corexii_hall, corexii_hall_statues_u,
          corexii_hall_statues_i, pond
D:15:     hangedman_depths_entry_civil_slaughter, fountainhead
Lair:1:   lab_entry_generic
Lair:4:   pond_and_an_island_with_a_cottage, minmay_shoals_entry_centaurs,
          spider_nest_entry_webs, beast_lair_carwin_7
Lair:5:   dpeg_slime_entry_corner, minmay_stone_trees_large,
          guppyfry_lair_drakes, serial_bayou_shore_b, infiniplex_staircase_pool,
          serial_bayou_shore_a
Lair:6:   due_jungle_book, uniq_josephine
Shoals:1: cheibrodos_shoals_baths
Shoals:2: nicolae_shoals_siren_and_animal_friends
Spider:1: nicolae_spider_corner
Spider:2: uniq_nikola
Spider:3: spiders_nest_ghost_moth_duel
Spider:4: grunt_spider_rune_parallel
Orc:1:    serial_shops, nicolae_shop_trees
Orc:2:    pubby_orc_utopia
Vaults:1: vaults_room_large_hall, v_rooms_3, v_pattern_4,
          ontoclasm_vaults_claustrophobia, ontoclasm_vaults_bender,
          grunt_vaults_bifocal, nicolae_vaults_diagonal_hallway_8
Vaults:2: ontoclasm_vaults_misaligned, vaults_room_stairs_pillars,
          v_alt_pattern_6, v_misc_3, vaults_room_fancy_cross,
          nicolae_vaults_asterisk, hangedman_vaults_trim
Vaults:3: nicolae_vaults_big_ls, nicolae_vaults_halls_meeting,
          hangedman_vaults_corner_blocks, dpeg_vaults_monster_box,
          dpeg_vaults_monster_row, v_misc_8, v_alt_pattern_4, v_misc_18,
          v_misc_28, ontoclasm_vaults_loading_screen, hangedman_vaults_trim,
          ontoclasm_vaults_hangar, grunt_vaults_hallway_short,
          minmay_crypt_entry_simple_box, serial_shops, nicolae_shop_waterfront,
          uniq_mennas
Lab:      labyrinth_mini_lab, nicolae_lab_do_over, nicolae_lab_big_swirl,
          lab_fountain, nicolae_lab_dead_end, nicolae_lab_t_cross

Skill      XL: |  1  2  3  4  5  6  7  8  9 10 11 12 13 14 15 16 17 18 |
---------------+-------------------------------------------------------+-----
Axes           | 4 5 6 8 9 11 12 15 17 18 20 | 20.0
Fighting       | 4 5 6 7 9 11 13 16 18 20 21 22 | 22.6
Armour         | 3 4 5 7 8 10 12 13 14 16 17 | 17.9
Dodging        | 4 7 9 11 13 14 15 | 15.1
Evocations     | 1 5 |  5.0

Action                   |  1- 3 |  4- 6 |  7- 9 | 10-12 | 13-15 | 16-18 || total
-------------------------+-------+-------+-------+-------+-------+-------++-------
Melee: Hand axe          |    46 |   118 |   164 |       |       |       ||   328
       Headbutt          |     5 |    19 |    54 |    61 |   158 |   146 ||   443
       Battleaxe         |       |       |   129 |   341 |   734 |   716 ||  1920
       Kick              |       |       |    10 |    15 |       |       ||    25
Invok: Berserk           |     2 |     5 |     5 |     8 |     5 |     1 ||    26
       Burn Spellbooks   |       |       |     1 |     1 |     4 |     4 ||    10
       Trog's Hand       |       |       |       |     1 |     3 |     2 ||     6
       Brothers in Arms  |       |       |       |       |     4 |       ||     4
Evoke: Wand              |       |       |       |     6 |       |       ||     6
  Use: Potion            |     2 |     3 |     4 |     4 |     4 |       ||    17
       Scroll            |       |     2 |    12 |    13 |     5 |     7 ||    39
 Stab: Sleeping          |     1 |     2 |       |       |       |       ||     3
       Petrified         |       |       |       |       |     5 |       ||     5
       Distracted        |       |       |       |       |       |     1 ||     1
  Eat: Chunk             |     1 |     7 |     9 |    32 |    44 |    35 ||   128
       Meat ration       |       |     1 |     1 |       |       |       ||     2
       Fruit             |       |       |     1 |     1 |     1 |     1 ||     4
Armor: Animal skin       |     8 |    10 |       |       |       |       ||    18
       Plate armour      |       |    12 |   143 |   149 |       |       ||   304
       Scale mail        |       |       |       |    48 |   304 |   319 ||   671
       Chain mail        |       |       |       |       |       |   111 ||   111
Dodge: Dodged            |    25 |    34 |    66 |   141 |   415 |   571 ||  1252
Block: Shield            |       |    23 |    33 |       |       |       ||    56
